 Dungeon Crawl Stone Soup version 0.28.0-1-gb440e238dd (webtiles) character file.

Game seed: 6543631768330983139

2367 Jerry the Chucker (level 9, -6/83 HPs)
             Began as a Troll Hunter on Feb 22, 2022.
             Mangled by an orc warrior (19 damage)
             ... on level 7 of the Dungeon.
             The game lasted 00:20:08 (4502 turns).

Jerry the Chucker (Troll Hunter)                    Turns: 4502, Time: 00:20:08

Health: -6/83      AC:  5    Str: 24    XL:     9   Next: 21%
Magic:  8/8        EV: 16    Int: 11    God:
Gold:   394        SH:  5    Dex: 12    Spells: 8/8 levels left

rFire   . . .      SeeInvis .   n - +6 quarterstaff of Gehenna {freeze, rC+ Int+4}
rCold   + . .      Faith    .   (shield currently unavailable)
rNeg    . . .      Spirit   .   b - +0 robe
rPois   .          Reflect  +   (helmet restricted)
rElec   .          Harm     .   p - +0 cloak
rCorr   .          Rampage  .   (gloves unavailable)
Will    .....                   (boots unavailable)
Stlth   +.........              h - amulet of reflection
HPRegen 1.03/turn               l - +4 ring of evasion
MPRegen 0.11/turn               (no ring)

@: no status effects
A: large, unfitting armour, claws 3, regeneration 1, shaggy fur 1, tough skin 1
a: no special abilities


You were on level 7 of the Dungeon.
You visited 1 branch of the dungeon, and saw 7 of its levels.

You collected 394 gold pieces.

Inventory:

Hand Weapons
 n - the +6 quarterstaff of Gehenna (weapon) {freeze, rC+ Int+4}
   (You found it on level 5 of the Dungeon)

   It freezes those it strikes, dealing additional cold damage.
   It can also slow down cold-blooded creatures.
   Int:       It affects your intelligence (+4).
   rC:        It protects you from cold.
 t - a +0 giant spiked club
 w - a +2 whip of flaming
Missiles
 c - 5 large rocks (quivered)
 d - 3 throwing nets
 r - 12 poisoned darts
Armour
 b - a +0 robe (worn)
 p - a +0 cloak (worn)
Jewellery
 h - an amulet of reflection (around neck)
 k - an amulet of guardian spirit
 l - a +4 ring of evasion (left claw)
Wands
 s - a wand of iceblast (8)
Scrolls
 e - 6 scrolls of teleportation
 q - 5 scrolls of identify
 u - a scroll of noise {unknown}
Potions
 g - a potion of brilliance {unknown}
 i - 3 potions of lignification {unknown}
 j - 3 potions of cancellation {unknown}
 m - a potion of degeneration {unknown}
 o - a potion of magic {unknown}
 v - a potion of might {unknown}


   Skills:
 - Level 3.5 Fighting
 + Level 5.2 Maces & Flails
 + Level 7.5 Throwing
 + Level 6.2 Dodging
 - Level 0.3 Stealth


You had 8 spell levels left.
You didn't know any spells.
Your spell library contained the following spells:

 Spells                   Type           Power      Damage    Failure   Level
 Apportation              Tloc           0%         N/A       34%         1
 Shock                    Conj/Air       0%         1d3       34%         1
 Slow                     Hex            0%         N/A       34%         1
 Confusing Touch          Hex            0%         N/A       71%         3
 Summon Guardian Golem    Hex/Summ       0%         N/A       71%         3
 Swiftness                Air            0%         N/A       71%         3
 Vampiric Draining        Necr           0%         2d6       71%         3
 Airstrike                Air            0%         N/A       98%         4
 Alistair's Intoxication  Tmut/Pois      0%         N/A       100%        5
 Orb of Destruction       Conj           0%         9d5       100%        7
 Spellforged Servitor     Conj/Summ      0%         N/A       100%        7


Dungeon Overview and Level Annotations

Branches:
Dungeon (7/15)
 Temple: D:4-7

Altars:

Shops:
D:4 *?=(*

Annotations:
D:5 2 transporters, NoOffense's ghost, amateur SpBr


Innate Abilities, Weirdness & Mutations

You are too large for most types of armour.
You have claws for hands.
Your natural rate of healing is unusually fast.
You are covered in fur. (AC +1)
You have tough skin. (AC +1)


Message History

There is a stone staircase leading up here.
The orc warrior hits you from afar with a +4 trident of flaming!
* * * LOW HITPOINT WARNING * * *
The orc warrior burns you.
* * * LOW HITPOINT WARNING * * *
You climb upwards.
There is a stone staircase leading down here.
You start resting.
HP restored.
You climb downwards.
There is a stone staircase leading up here.
The orc warrior misses you.
You hit the orc warrior but do no damage.
The orc warrior hits you with a +4 trident of flaming!
The orc warrior burns you.
The orc warrior hits you with a +4 trident of flaming.
The orc warrior burns you.
You hit the orc warrior but do no damage.
The orc warrior hits you with a +4 trident of flaming!
The orc warrior burns you.
You hit the orc warrior but do no damage.
You block the orc warrior's attack.
You hit the orc warrior but do no damage.
The orc warrior closely misses you.
You barely miss the orc warrior.
The orc warrior hits you with a +4 trident of flaming.
The orc warrior burns you.
You hit the orc warrior but do no damage.
The orc warrior hits you with a +4 trident of flaming!
The orc warrior burns you.
You are too injured to fight recklessly!
You closely miss the orc warrior. The orc warrior barely misses you.
The orc warrior hits you with a +4 trident of flaming!
* * * LOW HITPOINT WARNING * * *
The orc warrior burns you.
* * * LOW HITPOINT WARNING * * *
You barely miss the orc warrior. The orc warrior misses you.
You barely miss the orc warrior. You block the orc warrior's attack.
The orc warrior hits you from afar with a +4 trident of flaming!!
You die...

#...........##.....
#..................
#...........#......
##..................
##....#....##........
##..........##........
#............#........
#............#.....)..
#.<..@.o.....#...).)..
##..........##...)))..
##...##...#######.#.#
########## ..... .....
...... ...... #......


You could see an orc warrior.

Vanquished Creatures
  Pikel (D:7)
  3 black bears
  3 ice beasts (D:5)
  3 sky beasts
  2 ogres
  A centaur (D:7)
  A kobold brigand (D:6)
  A gnoll sergeant (D:4)
  A wyvern skeleton (D:5)
  A water moccasin skeleton (D:7)
  2 bullfrog skeletons
  2 jellies (D:5)
  3 orc priests
  3 hounds
  5 orc wizards
  A hound skeleton (D:4)
  5 adders
  5 gnolls
  2 ufetubi (D:5)
  2 worms (D:2)
  A dart slug (D:1)
  12 orcs
  3 ball pythons
  7 endoplasms
  3 giant cockroaches
  4 hobgoblins
  13 kobolds
  4 quokkas
  6 bats (D:1)
  5 frilled lizards
  11 goblins
  4 rats
120 creatures vanquished.

Vanquished Creatures (others)
  6 toadstools (D:2)
6 creatures vanquished.

Grand Total: 126 creatures vanquished

Notes
Turn   | Place    | Note
-------+----------+-------------------------------------------
     0 | D:1      | Jerry the Troll Hunter began the quest for the Orb.
     0 | D:1      | Reached XP level 1. HP: 19/19 MP: 0/0
   101 | D:1      | Reached XP level 2. HP: 28/28 MP: 1/1
   296 | D:1      | Found a faded altar of an unknown god.
   392 | D:1      | Reached XP level 3. HP: 15/30 MP: 2/2
   523 | D:1      | Reached skill level 4 in Throwing
  1309 | D:2      | Reached XP level 4. HP: 32/44 MP: 3/3
  1690 | D:3      | You fall into a shaft and drop 3 floors!
  1705 | D:5      | Entered Level 5 of the Dungeon
  1705 | D:5      | Noticed a gnoll sergeant
  1761 | D:4      | Found Roetz's Jewellery Shop.
  2278 | D:4      | Found Soggis's Magic Scroll Shop.
  2451 | D:4      | Noticed a sky beast
  2479 | D:4      | Found Fezaniox's General Store.
  2480 | D:4      | Found Huexkyka's Weapon Emporium.
  2526 | D:4      | Noticed a black bear
  2541 | D:4      | Killed a black bear
  2542 | D:4      | Reached XP level 5. HP: 47/53 MP: 4/4
  2589 | D:4      | Killed a sky beast
  2590 | D:4      | Reached XP level 6. HP: 61/61 MP: 5/5
  2707 | D:4      | Reached skill level 5 in Throwing
  2719 | D:4      | Found Unakeno's Assorted Antiques.
  2895 | D:5      | Noticed an ice beast
  2903 | D:5      | Killed an ice beast
  2904 | D:5      | Reached skill level 1 in Maces & Flails
  2981 | D:5      | Identified the +6 quarterstaff of Gehenna {freeze, rC+
                  | Int+4}
  2981 | D:5      | Noticed an ice beast
  2990 | D:5      | Killed an ice beast
  2991 | D:5      | Reached XP level 7. HP: 58/67 MP: 6/6
  3024 | D:5      | Found a transporter.
  3025 | D:5      | Found a transporter.
  3039 | D:5      | Noticed NoOffense's ghost (amateur SpBr)
  3308 | D:5      | Reached skill level 6 in Throwing
  3371 | D:5      | Reached XP level 8. HP: 67/75 MP: 7/7
  3412 | D:5      | HP: 3/75 [poisoned by a gnoll sergeant]
  3501 | D:4      | Reached skill level 5 in Dodging
  4225 | D:7      | Noticed Pikel
  4284 | D:7      | Reached skill level 7 in Throwing
  4317 | D:7      | Killed Pikel
  4318 | D:7      | Reached skill level 5 in Maces & Flails
  4318 | D:7      | Reached XP level 9. HP: 70/83 MP: 8/8
  4502 | D:7      | Mangled by an orc warrior

Illustrated notes

Levels and vault maps discovered:
D:1:      wander_arrival_abandoned_jail, layout_rooms,
          chequers_ecumenical_altar_simple_redux, minmay_crystal_water
D:2:      layout_basic, minmay_gold_behind_fungi, grunt_ministairs_14
D:3:      layout_basic
D:4:      layout_basic, serial_shops, nicolae_shop_behind_doors,
          nicolae_shop_statue_plus, nicolae_shop_advertising_works
          [nicolae_subvault_shop_adworks], shop, shop
D:5:      layout_gridville, gammafunk_ghost_hive, small_statue_intersection
D:6:      layout_rooms
D:7:      layout_rooms, minmay_temple_entry_hall, uniq_pikel

Skill      XL: |  1  2  3  4  5  6  7  8 |
---------------+-------------------------+-----
Fighting       | 2 3 |  3.5
Dodging        | 2 3 4 6 |  6.2
Throwing       | 4 5 6 7 |  7.5
Maces & Flails | 1 3 5 |  5.2
Stealth        | |  0.3

Action                   |  1- 3 |  4- 6 |  7- 9 || total
-------------------------+-------+-------+-------++-------
Melee: Short sword       |   177 |    74 |       ||   251
       Punch             |     1 |     2 |       ||     3
       Whip              |       |    30 |       ||    30
       Quarterstaff      |       |     4 |   169 ||   173
Throw: Large rock        |       |    13 |     3 ||    16
  Use: Scroll            |       |     6 |       ||     6
       Potion            |       |       |     3 ||     3
 Stab: Sleeping          |     2 |       |       ||     2
Armor: Robe              |    85 |    27 |    63 ||   175
Dodge: Dodged            |   125 |    85 |   174 ||   384
Block: Other             |     6 |    34 |    46 ||    86
       Reflection        |       |     2 |       ||     2
